 Dungeon Crawl Stone Soup version 0.19-a0-1019-g9c6a58d (webtiles) character file.

196 AlphabetPasta the Caller (level 5, -1/37 HPs)
             Began as a Merfolk Summoner on July 25, 2016.
             Slain by an ice beast (14 damage)
             ... on level 5 of the Dungeon.
             The game lasted 00:21:17 (3780 turns).

AlphabetPasta the Caller (Merfolk Summoner)         Turns: 3780, Time: 00:21:18

Health: -1/37      AC:  4    Str:  9    XL:     5   Next: 75%
Magic:  2/9        EV: 13    Int: 15    God:
Gold:   161        SH:  0    Dex: 14    Spells: 3 memorised, 4 levels left

rFire  . . .     SeeInvis .     o - +0 trident
rCold  . . .     Gourm    .     a - +1 robe
rNeg   . . .     Faith    .     (no shield)
rPois  .         Spirit   .     (no helmet)
rElec  .         Dismiss  .     (no cloak)
rCorr  .         Reflect  .     (no gloves)
SustAt .         Harm     .     e - +0 pair of boots
MR     .....                    (no amulet)
Stlth  ++........               (no ring)
                                (no ring)

@: not resistant to hostile enchantments, unstealthy
A: change form in water, swift swim
a: no special abilities


You were on level 5 of the Dungeon.
You were not hungry.

You visited 1 branch of the dungeon, and saw 5 of its levels.

You collected 161 gold pieces.

Inventory:

Hand Weapons
 d - a +0 club
 o - a +0 trident (weapon)
 p - a +0 spear
Missiles
 r - 3 javelins (quivered)
Armour
 a - a +1 robe (worn)
 e - a +0 pair of boots (worn)
Jewellery
 q - an uncursed ring of fire {unknown}
Scrolls
 g - 2 scrolls of enchant armour
 l - 3 scrolls of recharging
Potions
 f - 4 potions of curing
 j - a potion of brilliance {unknown}
 k - 2 potions of degeneration {unknown}
 m - a potion of resistance {unknown}
Books
 b - a book of Callings

   Spells                             Type                      Level
   a - Summon Small Mammal            Summoning                    1
   b - Call Imp                       Summoning                    2
   c - Call Canine Familiar           Summoning                    3
   d - Summon Guardian Golem          Hexes/Summoning              3
   e - Summon Lightning Spire         Summoning/Air                4
   f - Summon Ice Beast               Ice/Summoning                4
Comestibles
 c - 2 bread rations
 h - a meat ration
 i - 3 chunks of flesh
 n - 2 fruits


   Skills:
 + Level 1.0 Fighting
 - Level 0.7 Maces & Flails
 - Level 1.1 Polearms
 - Level 2.6 Dodging
 - Level 2.1 Stealth
 - Level 3.0 Spellcasting
 * Level 5.9 Summonings


You had 4 spell levels left.
You knew the following spells:

 Your Spells              Type           Power        Failure   Level  Hunger
a - Summon Small Mammal   Summ           ###.         1%          1    #......
b - Call Imp              Summ           ###.....     2%          2    ##.....
c - Call Canine Familiar  Summ           ###.....     6%          3    ###....


Dungeon Overview and Level Annotations

Branches:
Dungeon (5/15)
 Temple: D:4-7

Altars:
Okawaru
Xom


Message History

The ice beast freezes your hound!
Attack whom?
Press: ? - help, Dir - move target cursor, f/p - ice beast
Aim: an ice beast (severely wounded)
You reach to attack!
You closely miss the ice beast.
The ice beast is severely wounded.
Your hound bites the ice beast but does no damage.
Your white imp barely misses the ice beast.
The ice beast hits your hound. The ice beast freezes your hound!
Your hound dies!
Your hound's corpse disappears in a puff of smoke!
Your white imp hits the ice beast but does no damage.
Casting: Call Imp
Confirm with . or Enter, or press ? or * to list all spells.
Your hound completely misses the ice beast.
You see here 18 stones.
You barely miss the ice beast.
The ice beast is heavily wounded.
The ice beast hits you. The ice beast freezes you!
You die...

## ..# ....#####.#.#
#......##.#.#
#...##.##.#.#
#...##.##.#.####
#...##.##.#.....
#####...##@.....#
........##Y.#.#.#
##.#..5......# #
#........#.#.######.#
#..#####........<...#
#.. ####.........#
#.Y ##.######.# #..
#.# # #.. #.#


You could see an ice beast and a friendly white imp.

Vanquished Creatures
  A phantom (D:4)
  A worker ant (D:4)
  2 adders
  3 giant geckos
  3 bats
  A giant cockroach (D:3)
  3 goblins (D:2)
  3 hobgoblins
  2 jackals (D:4)
  A quokka (D:3)
  2 kobolds
  A quokka skeleton (D:5)
  4 rats
27 creatures vanquished.

Vanquished Creatures (collateral kills)
  The ghost of Kramin the Conjurer, an amateur DrCj (D:3)
  A worker ant (D:4)
  4 adders
  A gnoll (D:1)
  3 worms
  3 dart slugs
  A giant gecko (D:3)
  An orc (D:3)
  2 bats
  A goblin (D:3)
  3 hobgoblins
  2 jackals (D:4)
  3 kobolds
  A rat (D:1)
27 creatures vanquished.

Grand Total: 54 creatures vanquished

Notes
Turn   | Place    | Note
-------+----------+-------------------------------------------
     0 | D:1      | AlphabetPasta the Merfolk Summoner began the quest for the Orb.
     0 | D:1      | Reached XP level 1. HP: 13/13 MP: 3/3
   546 | D:1      | Reached XP level 2. HP: 5/19 MP: 1/5
   550 | D:1      | Learned a level 2 spell: Call Imp
  1300 | D:2      | Reached XP level 3. HP: 23/24 MP: 1/7
  1688 | D:2      | Learned a level 3 spell: Call Canine Familiar
  2020 | D:3      | Reached XP level 4. HP: 9/30 MP: 1/8
  2306 | D:3      | Noticed Kramin's ghost (amateur DrCj)
  2471 | D:3      | Killed Kramin's ghost
  2471 | D:3      | Reached skill level 5 in Summonings
  2887 | D:3      | Found an iron altar of Okawaru.
  2973 | D:3      | Reached XP level 5. HP: 35/35 MP: 3/9
  3157 | D:4      | Reached skill level 1 in Polearms
  3173 | D:4      | Learned a level 3 spell: Call Canine Familiar
  3475 | D:4      | Noticed a phantom
  3508 | D:4      | Killed a phantom
  3649 | D:4      | Reached skill level 1 in Fighting
  3687 | D:4      | Found a shimmering altar of Xom.
  3741 | D:5      | Entered Level 5 of the Dungeon
  3765 | D:5      | Noticed an ice beast
  3780 | D:5      | Slain by an ice beast

Vault maps used:
D:1:      roderic_dead_forest
D:3:      hangedman_abyss_or_decor_lesser_grid, okawaru_ov_weapons_minmay
D:4:      led_xom_imps
D:5:      first_bread, st_stairs_9

Skill      XL: |  1  2  3  4  5 |
---------------+----------------+-----
Spellcasting   | 3 |  3.0
Summonings     | 5 |  5.9
Polearms       | 1 |  1.1
Fighting       | 1 |  1.0
Maces & Flails | |  0.7
Dodging        | |  2.6
Stealth        | |  2.1

Action                   |  1- 3 |  4- 6 || total
-------------------------+-------+-------++-------
Melee: Unarmed           |    19 |       ||    19
       Club              |    80 |    38 ||   118
       Spear             |       |    21 ||    21
       Trident           |       |    13 ||    13
 Cast: Summon Small Mamm |    18 |     1 ||    19
       Call Imp          |     9 |     7 ||    16
       Call Canine Famil |     4 |    12 ||    16
  Use: Scroll            |       |     8 ||     8
 Stab: Sleeping          |     5 |     4 ||     9
       Distracted        |     2 |     2 ||     4
  Eat: Chunk             |     5 |     7 ||    12
Armor: Robe              |    27 |    14 ||    41
Dodge: Dodged            |    92 |    41 ||   133
